General information
- name: BNet
- type: Ladder team game (AT/RT)
- host: Battle.net
- saver: SpearOfDestiny
map: FullScaleAssault
- players: 8
- length: 20:43
- speed: Fast
- version: 1.28 W3XP
- replay type: Public
» download(158 KB)
Players
team 1 (loser)
the.onemanteam (
orange | 155 APM | 2937 actions | 18:56)
8 Mountain King
3 Storm Bolt
3 Bash
2 Avatar
» actions
| Assign group hotkey | 34 | |
| Basic commands | 79 | |
| Build / train | 110 | |
| ESC pressed | 16 | |
| Enter build submenu | 43 | |
| Enter hero's abilities submenu | 14 | |
| Right click | 861 | |
| Select / deselect | 438 | |
| Select group hotkey | 1251 | |
| Use ability | 90 | |
2937 total
» units
| Peasant | 19 | |
| Rifleman | 21 | |
| Blue Drake | 1 | |
| Siege Engine | 7 | |
| Mortar Team | 8 | |
| Priest | 7 | |
| Flying Machine | 6 | |
| Knight | 4 | |
73 total
» upgrades
| Gunpowder | 4 | |
| Long Rifles | 2 | |
| Armor | 2 | |
| Barrage | 1 | |
| Lumber Harvesting | 2 | |
| Plating | 1 | |
| Fragmentation Shards | 1 | |
| Flak Cannons | 1 | |
| Flying Machine Bombs | 1 | |
15 total
» buildings
| Altar of Kings | 2 | |
| Farm | 23 | |
| Blacksmith | 2 | |
| Barracks | 2 | |
| Keep | 2 | |
| Town Hall | 1 | |
| Lumber Mill | 1 | |
| Castle | 2 | |
| Workshop | 2 | |
| Scout Tower | 2 | |
| Arcane Vault | 2 | |
| Arcane Sanctum | 1 | |
| Guard Tower | 1 | |
43 total
» build order
00:17 Altar of Kings
00:25 Farm
00:55 Altar of Kings
00:58 Farm
01:10 Blacksmith
01:17 Blacksmith
01:20 Barracks
01:30 Farm
01:38 Barracks
01:56 Farm
01:59 Farm
02:06 Farm
03:01 Farm
03:53 Keep
04:02 Farm
04:07 Farm
04:09 Farm
04:45 Town Hall
05:56 Farm
06:03 Lumber Mill
06:04 Farm
06:26 Farm
06:54 Castle
06:56 Workshop
08:41 Keep
08:46 Workshop
09:13 Scout Tower
09:16 Scout Tower
09:36 Farm
09:40 Farm
09:40 Farm
12:42 Arcane Vault
13:08 Castle
13:11 Arcane Sanctum
13:31 Farm
13:32 Farm
13:34 Farm
13:53 Farm
13:53 Farm
13:57 Guard Tower
14:14 Farm
14:15 Farm
17:18 Arcane Vault
» items
| Scroll of Regeneration | 1 | |
| Scroll of Town Portal | 1 | |
2 total

»
suckit57 (
blue | 52 APM | 1080 actions | 20:41)
6 Death Knight
3 Death Coil
2 Unholy Aura
1 Animate Dead
2 Crypt Lord
1 Spiked Carapace
1 Impale
» actions
| Assign group hotkey | 4 | |
| Basic commands | 90 | |
| Build / train | 62 | |
| ESC pressed | 1 | |
| Enter build submenu | 14 | |
| Enter hero's abilities submenu | 8 | |
| Give item / drop item | 1 | |
| Remove unit from queue | 2 | |
| Right click | 587 | |
| Select / deselect | 209 | |
| Select group hotkey | 44 | |
| Use ability | 58 | |
1080 total
» units
| Acolyte | 7 | |
| Ghoul | 6 | |
| Crypt Fiend | 10 | |
| Frost Wyrm | 4 | |
| Blue Dragon | 4 | |
31 total
» upgrades
| Creature Attack | 2 | |
| Creature Carapace | 3 | |
| Web | 1 | |
| Freezing Breath | 1 | |
7 total
» buildings
| Crypt | 1 | |
| Ziggurat | 8 | |
| Graveyard | 1 | |
| Altar of Darkness | 1 | |
| Halls of the Dead | 1 | |
| Black Citadel | 1 | |
| Sacrificial Pit | 1 | |
| Boneyard | 2 | |
| Necropolis | 1 | |
17 total
» build order
00:11 Crypt
00:25 Ziggurat
00:45 Graveyard
01:04 Altar of Darkness
01:37 Ziggurat
02:29 Ziggurat
04:41 Halls of the Dead
04:46 Ziggurat
08:53 Black Citadel
09:54 Sacrificial Pit
12:47 Boneyard
12:49 Boneyard
12:56 Ziggurat
12:56 Ziggurat
12:57 Ziggurat
14:00 Necropolis
17:23 Ziggurat
» items
| Scroll of Town Portal | 2 | |
| Scroll of Healing | 1 | |
3 total

»
MMM.SpermWhale (
green | 92 APM | 1740 actions | 18:59)
5 Blademaster
3 Wind Walk
2 Critical Strike
2 Shadow Hunter
1 Hex
1 Healing Wave
» actions
| Assign group hotkey | 23 | |
| Basic commands | 124 | |
| Build / train | 80 | |
| ESC pressed | 4 | |
| Enter build submenu | 40 | |
| Enter hero's abilities submenu | 7 | |
| Give item / drop item | 3 | |
| Right click | 479 | |
| Select / deselect | 230 | |
| Select group hotkey | 604 | |
| Use ability | 146 | |
1740 total
» units
| Peon | 19 | |
| Grunt | 3 | |
| Goblin Shredder | 1 | |
| Raider | 12 | |
| Troll Witch Doctor | 5 | |
| Spirit Walker | 1 | |
41 total
» upgrades
| Ranged Weapons | 1 | |
| Armor | 1 | |
| Melee Weapons | 1 | |
| Pillage | 1 | |
| Ensnare | 1 | |
| Shaman Training | 1 | |
| Witch Doctor Training | 2 | |
| Reinforced Defenses | 1 | |
| Spirit Walker Training | 2 | |
11 total
» buildings
| Altar of Storms | 1 | |
| Orc Burrow | 9 | |
| Barracks | 1 | |
| Voodoo Lounge | 1 | |
| War Mill | 1 | |
| Great Hall | 2 | |
| Stronghold | 1 | |
| Lumber Mill | 1 | |
| Watch Tower | 14 | |
| Beastiary | 2 | |
| Fortress | 1 | |
| Spirit Lodge | 2 | |
36 total
» build order
00:18 Altar of Storms
00:23 Orc Burrow
00:52 Barracks
01:42 Orc Burrow
02:00 Voodoo Lounge
02:37 Orc Burrow
02:40 Orc Burrow
03:30 War Mill
04:18 Great Hall
04:59 Stronghold
05:46 Orc Burrow
06:44 Lumber Mill
07:10 Watch Tower
07:30 Beastiary
07:32 Beastiary
07:58 Watch Tower
08:16 Fortress
09:09 Orc Burrow
09:12 Spirit Lodge
10:13 Spirit Lodge
12:48 Orc Burrow
12:50 Orc Burrow
13:23 Great Hall
14:06 Orc Burrow
14:22 Watch Tower
14:23 Watch Tower
15:04 Watch Tower
16:22 Watch Tower
16:56 Watch Tower
17:09 Watch Tower
17:13 Watch Tower
17:14 Watch Tower
17:17 Watch Tower
17:31 Watch Tower
18:19 Watch Tower
18:29 Watch Tower
» items
| Healing Salve | 5 | |
| Lesser Clarity Potion | 4 | |
| Potion of Mana | 3 | |
| Orb of Lightning | 1 | |
| Scroll of Town Portal | 1 | |
| Scroll of Speed | 1 | |
| Potion of Healing | 1 | |
16 total

»
Name____ (
yellow | 12 APM | 8 actions | 00:39)
team 2 (winner)
TheFlash (
pink | 84 APM | 1739 actions | 20:42)
4 Archmage
2 Summon Water Elemental
2 Brilliance Aura
3 Paladin
1 Holy Light
1 Divine Shield
1 Devotion Aura
» actions
| Assign group hotkey | 218 | |
| Build / train | 123 | |
| Enter build submenu | 33 | |
| Enter hero's abilities submenu | 7 | |
| Remove unit from queue | 1 | |
| Right click | 721 | |
| Select / deselect | 332 | |
| Select group hotkey | 150 | |
| Use ability | 154 | |
1739 total
» units
| Peasant | 23 | |
| Mortar Team | 16 | |
| Spell Breaker | 6 | |
| Sorceress | 8 | |
| Flying Machine | 11 | |
| Gryphon Rider | 2 | |
66 total
» upgrades
| Lumber Harvesting | 2 | |
| Masonry | 1 | |
| Gunpowder | 3 | |
| Fragmentation Shards | 1 | |
| Control Magic | 1 | |
| Sorceress Training | 2 | |
| Flak Cannons | 1 | |
| Flare | 1 | |
| Plating | 1 | |
| Swords | 1 | |
| Storm Hammers | 1 | |
15 total
» buildings
| Farm | 12 | |
| Altar of Kings | 1 | |
| Arcane Vault | 1 | |
| Scout Tower | 9 | |
| Lumber Mill | 2 | |
| Guard Tower | 12 | |
| Keep | 4 | |
| Town Hall | 1 | |
| Blacksmith | 1 | |
| Arcane Tower | 5 | |
| Castle | 2 | |
| Workshop | 2 | |
| Gryphon Aviary | 3 | |
| Arcane Sanctum | 1 | |
56 total
» build order
00:14 Farm
00:21 Altar of Kings
00:53 Arcane Vault
01:19 Farm
01:55 Scout Tower
01:55 Scout Tower
01:58 Farm
02:15 Lumber Mill
02:21 Farm
03:38 Guard Tower
03:59 Keep
03:59 Keep
04:33 Town Hall
04:37 Scout Tower
04:38 Scout Tower
04:40 Scout Tower
04:41 Scout Tower
04:43 Scout Tower
05:00 Blacksmith
05:09 Guard Tower
05:21 Guard Tower
05:21 Guard Tower
05:24 Guard Tower
05:24 Guard Tower
05:24 Guard Tower
05:24 Guard Tower
05:25 Guard Tower
05:36 Arcane Tower
05:36 Arcane Tower
05:37 Arcane Tower
05:54 Farm
06:11 Scout Tower
06:12 Scout Tower
06:43 Castle
07:03 Guard Tower
07:08 Guard Tower
07:47 Workshop
08:10 Gryphon Aviary
09:08 Arcane Sanctum
09:19 Lumber Mill
10:04 Farm
10:05 Farm
12:26 Farm
13:18 Farm
13:19 Farm
13:49 Workshop
15:02 Farm
15:03 Farm
16:38 Gryphon Aviary
16:44 Gryphon Aviary
» items
| Lesser Clarity Potion | 2 | |
| Scroll of Regeneration | 3 | |
| Potion of Mana | 1 | |
| Scroll of Town Portal | 3 | |
9 total
Skylos (
red | 73 APM | 1518 actions | 20:42)
6 Mountain King
3 Storm Bolt
2 Bash
1 Avatar
4 Paladin
2 Holy Light
2 Devotion Aura
» actions
| Assign group hotkey | 41 | |
| Basic commands | 71 | |
| Build / train | 68 | |
| ESC pressed | 2 | |
| Enter build submenu | 28 | |
| Enter hero's abilities submenu | 11 | |
| Give item / drop item | 2 | |
| Right click | 628 | |
| Select / deselect | 382 | |
| Select group hotkey | 190 | |
| Use ability | 95 | |
1518 total
» units
| Peasant | 10 | |
| Footman | 7 | |
| Rifleman | 9 | |
| Mortar Team | 7 | |
33 total
» upgrades
| Defend | 1 | |
| Gunpowder | 2 | |
| Armor | 2 | |
| Flare | 1 | |
| Long Rifles | 1 | |
| Masonry | 1 | |
| Fragmentation Shards | 1 | |
9 total
» buildings
| Altar of Kings | 1 | |
| Farm | 13 | |
| Barracks | 1 | |
| Scout Tower | 5 | |
| Arcane Tower | 2 | |
| Keep | 1 | |
| Arcane Vault | 1 | |
| Blacksmith | 1 | |
| Lumber Mill | 1 | |
| Workshop | 1 | |
| Castle | 1 | |
| Gryphon Aviary | 1 | |
| Cannon Tower | 1 | |
30 total
» build order
00:22 Altar of Kings
00:35 Farm
00:37 Barracks
01:09 Farm
02:05 Scout Tower
02:18 Farm
02:20 Farm
02:36 Arcane Tower
03:13 Farm
04:03 Scout Tower
04:07 Keep
04:31 Arcane Vault
04:33 Arcane Tower
04:59 Blacksmith
05:25 Farm
05:31 Farm
05:46 Lumber Mill
06:32 Workshop
07:15 Farm
10:03 Farm
10:49 Farm
12:31 Castle
12:59 Gryphon Aviary
13:01 Farm
13:06 Farm
14:23 Farm
14:48 Scout Tower
14:49 Scout Tower
14:50 Scout Tower
15:18 Cannon Tower
» items
| Boots of Speed | 1 | |
| Scroll of Regeneration | 3 | |
| Lesser Clarity Potion | 3 | |
| Scroll of Town Portal | 1 | |
| Potion of Lesser Invulnerability | 1 | |
9 total
gem[clanpike] (
purple | 49 APM | 1024 actions | 20:41)
3 Archmage
2 Summon Water Elemental
1 Brilliance Aura
3 Mountain King
2 Storm Bolt
1 Bash
4 Paladin
2 Holy Light
2 Devotion Aura
» actions
| Assign group hotkey | 12 | |
| Basic commands | 2 | |
| Build / train | 39 | |
| Enter build submenu | 18 | |
| Enter hero's abilities submenu | 10 | |
| Right click | 335 | |
| Select / deselect | 139 | |
| Select group hotkey | 423 | |
| Use ability | 46 | |
1024 total
» units
| Peasant | 10 | |
| Gryphon Rider | 3 | |
| Dragonhawk Rider | 6 | |
19 total
» upgrades
» buildings
| Altar of Kings | 2 | |
| Farm | 9 | |
| Scout Tower | 1 | |
| Lumber Mill | 1 | |
| Keep | 1 | |
| Guard Tower | 1 | |
| Arcane Vault | 1 | |
| Castle | 1 | |
| Gryphon Aviary | 2 | |
| Town Hall | 2 | |
21 total
» build order
00:15 Altar of Kings
00:22 Farm
01:05 Farm
01:45 Farm
02:22 Scout Tower
02:27 Lumber Mill
02:34 Keep
03:29 Guard Tower
03:33 Arcane Vault
04:41 Farm
04:56 Castle
05:17 Gryphon Aviary
05:26 Farm
06:16 Gryphon Aviary
07:33 Farm
07:36 Farm
09:28 Farm
09:32 Farm
13:20 Town Hall
13:43 Town Hall
19:15 Altar of Kings
» items
| Potion of Healing | 1 | |
| Orb of Fire | 2 | |
3 total
SpearOfDestiny (
teal | 50 APM | 1030 actions | 20:43)
7 Goblin Tinker
3 Pocket Factory
3 Engineering Upgrade
1 Robo-Goblin
» actions
| Assign group hotkey | 35 | |
| Basic commands | 35 | |
| Build / train | 60 | |
| Enter build submenu | 41 | |
| Enter hero's abilities submenu | 7 | |
| Give item / drop item | 3 | |
| Remove unit from queue | 1 | |
| Right click | 373 | |
| Select / deselect | 233 | |
| Select group hotkey | 153 | |
| Use ability | 89 | |
1030 total
» units
| Peasant | 12 | |
| Footman | 4 | |
| Goblin Shredder | 1 | |
| Goblin Zeppelin | 1 | |
| Gryphon Rider | 4 | |
| Goblin Sapper | 4 | |
| Dragonhawk Rider | 1 | |
27 total
» upgrades
| Masonry | 2 | |
| Swords | 3 | |
| Armor | 3 | |
| Animal War Training | 1 | |
| Storm Hammers | 1 | |
10 total
» buildings
| Altar of Kings | 1 | |
| Barracks | 2 | |
| Farm | 11 | |
| Scout Tower | 17 | |
| Arcane Tower | 1 | |
| Keep | 1 | |
| Lumber Mill | 1 | |
| Town Hall | 1 | |
| Arcane Vault | 1 | |
| Castle | 1 | |
| Guard Tower | 5 | |
| Gryphon Aviary | 4 | |
| Blacksmith | 2 | |
48 total
» build order
02:15 Altar of Kings
02:16 Barracks
02:21 Barracks
02:24 Farm
02:26 Farm
02:35 Farm
03:14 Farm
03:36 Scout Tower
04:09 Arcane Tower
05:00 Keep
05:39 Farm
05:52 Lumber Mill
05:57 Town Hall
07:06 Arcane Vault
07:38 Scout Tower
07:39 Scout Tower
07:41 Scout Tower
07:43 Scout Tower
07:45 Scout Tower
08:40 Castle
08:45 Guard Tower
08:48 Scout Tower
08:49 Scout Tower
08:52 Scout Tower
08:53 Scout Tower
08:57 Scout Tower
09:12 Scout Tower
09:12 Scout Tower
09:13 Scout Tower
09:14 Scout Tower
09:17 Scout Tower
09:18 Scout Tower
10:08 Guard Tower
10:09 Guard Tower
10:11 Guard Tower
12:02 Guard Tower
12:39 Gryphon Aviary
12:40 Gryphon Aviary
12:40 Gryphon Aviary
12:40 Gryphon Aviary
12:42 Blacksmith
12:43 Blacksmith
13:03 Farm
13:44 Farm
13:45 Farm
13:46 Farm
13:46 Farm
13:48 Farm
» items
| Scroll of Regeneration | 1 | |
| Boots of Speed | 1 | |
| Staff of Teleportation | 1 | |
| Scroll of Town Portal | 3 | |
6 total
Chat log
(00:09 / All) Name____: flash u got this one dude
(00:20 / All) Name____: spear map hacks
(00:28 / All) TheFlash: =(
(00:28 / All) Name____: later
(00:33 / Allies) Skylos: 4 hums, whos got AM
(00:37 / All) Name____: wont waste the game time ona large map vs a hacker
(00:54 / Allies) TheFlash: ??
(00:56 / Allies) TheFlash: RUSH MASS
(00:58 / Allies) TheFlash: ?
(01:02 / Allies) TheFlash: OR CC
(01:19 / Allies) Skylos: id say just prepare for rush
(01:25 / Allies) Skylos: get tower
(01:39 / Allies) Skylos: and plenty of units
(02:00 / Allies) SpearOfDestiny: that guy was retarded lol
(02:04 / Allies) SpearOfDestiny: I have 1 game
(02:08 / Allies) SpearOfDestiny: and I was late to that one too
(02:10 / Allies) SpearOfDestiny: and just got tinker
(02:51 / Allies) SpearOfDestiny: he's 3-3 bullshitter, just picked random name lawl
(03:37 / Allies) Skylos: haha we say prepare for rush and pink goes no raz
(03:48 / Allies) TheFlash: wtf
(07:32 / Allies) TheFlash: +massing rifles
(07:57 / Allies) Skylos: morts
(08:08 / Allies) SpearOfDestiny: me or pink
(08:33 / Allies) TheFlash: wtf klagg
(09:42 / Allies) SpearOfDestiny: they might hit top
(09:49 / Allies) SpearOfDestiny: watch out purp
(09:51 / Allies) SpearOfDestiny: they're there
(09:53 / Allies) SpearOfDestiny: they got a lot of t1
(10:26 / Allies) TheFlash: tp
(10:35 / Allies) TheFlash: tpo
(11:33 / Allies) SpearOfDestiny: repair your hall
(11:35 / Allies) SpearOfDestiny: purple
(11:38 / Allies) SpearOfDestiny: and call to arms
(11:56 / Allies) SpearOfDestiny: mass repair
(11:58 / Allies) SpearOfDestiny: all peon
(14:08 / Allies) Skylos: teal share
(14:11 / Allies) Skylos: money
(14:33 / Allies) TheFlash: fuck lagg
(14:41 / Allies) TheFlash: need aa
(14:47 / Allies) TheFlash: purple get haw
(14:49 / Allies) TheFlash: trap air units
(15:10 / Allies) Skylos: get em
(17:54 / Allies) TheFlash: tp allñ
(17:55 / Allies) TheFlash: repair
(18:08 / Allies) TheFlash: fuck
(18:23 / Allies) TheFlash: wow nice
(18:24 / Allies) TheFlash: noobs
(18:27 / Allies) TheFlash: bad time
(20:38 / All) suckit57: newb aallies